 BcadrenCrawl: Boulder Brew version 0.05.32 (webtiles) character file.

Game seed: 10179194321772632752, levelgen mode: deterministic

217 BR41ND34D the Caller (level 5, 0/4 HPs) Fairy Summoner. Began on Oct 4, 2021. Slain by a sewer rat (1 damage) ... on level 2 of the Dungeon. The game lasted 00:12:24 (961 turns).

BR41ND34D the Caller (Fairy Summoner)                Turns: 961, Time: 00:12:28

Health: 0/4        AC:  0    Str:  2    XL:     5 ^: 70
Magic:  2/3        EV: 26    Int: 19    God:
Gold:   82         SH:  0    Dex: 17    Spells: 7/12 levels left

rFire    . . .     Vision   .   (no jewelry)
rCold    . . .     Gourm    .
rNeg     . . .     Faith    .
rCorr    . . .     Spirit   .
rPois    .         Reflect  .
rElec    .         Harm     .
MR       +....
Stlth    +.........
HPRegen  0.11/turn
MPRegen  0.13/turn

@: very slightly contaminated, glowing, slow
A: tiny, no armour or weapons, only one jewelry slot, no melee attacks, fairy
magic, fairy shield, decreased potion and divine healing, unfitting armour,
flight, slowness 1, fairy light 1, insubstantial
a: Fly


You were on level 2 of the Dungeon.
You were hungry.

You visited 1 branch of the dungeon, and saw 2 of its levels.

You collected 82 gold pieces.

Inventory:

Scrolls
 d - a scroll of vulnerability
 g - a scroll of magic mapping
Potions
 a - a potion of might
 c - a potion of haste
 e - 2 potions of lignification
 f - a potion of gain dexterity
Comestibles
 b - 2 rations
 h - 3 chunks of flesh


   Skills:
 + Level 4.0 Dodging
 + Level 2.3 Stealth
 * Level 4.4 Spellcasting
 * Level 4.7 Summonings
 - Level 2.0 Fire Magic


You had 7 spell levels left.
You knew the following spells:

 Your Spells              Type           Power        Failure   Level  Hunger
a - Foxfire               Fire           11 (25)      6%          1    0
b - Summon Small Mammal   Summ           22 (25)      1%          1    0
c - Call Canine Familiar  Summ           22 (100)     6%          3    37-97

Your spell library contained the following spells:

 Spells                   Type           Power        Failure   Level  Hunger
 Call Imp Summ 22 (100) 3% 2 0-37 Summon Ice Beast Ice/Summ 13 (100) 45% 4 117-217 Summon Lightning Spire Summ/Air       13 (100)     80%         5    237-397


Dungeon Overview and Level Annotations

Branches:
Dungeon (2/8)

Altars:


Innate Abilities, Weirdness & Mutations

You are too small to use any gear.
You can wear a single ring or amulet completely around your body.
You are incapable of melee of any kind.
Your magic reserves are extremely low but spells that normally cost one mana are free and all other spells cost one mana.
You are extremely frail but all attacks that strike you do exactly one damage.
The effect of potions and godly healing effects is reduced to match your tiny health and magic reserves.
You are able to fly continuously.
You cover ground slowly.
You exude a bright light in a small radius around yourself.
Your insubstantial form boosts your evasion and grants immunity to sticky flames, nets and constriction.


Message History

The sewer rat is lightly wounded. (10/12) HP The foxfire hits the sewer rat but does no damage (0).
The sewer rat is severely wounded. (3/13) HP The sewer rat completely misses you (0).
The foxfire hits the sewer rat (1).
The sewer rat is lightly wounded. (9/10) HP
Casting: Foxfire (safe; 6% risk of failure)
Confirm with . or Enter, or press ? or * to list all spells.
The foxfire hits the sewer rat (1).
The sewer rat is almost dead. (2/13) HP The sewer rat bites you (2).
The sewer rat completely misses you (0).
Casting: Call Canine Familiar (safe; 6% risk of failure)
Confirm with . or Enter, or press ? or * to list all spells.
You conjure some foxfire!
Your hound blocks the sewer rat's attack.
The sewer rat misses you (0). The sewer rat bites you (1).
* * * LOW HITPOINT WARNING * * *
The sewer rat bites you (2).
You die...

#≈≈.≈≈.#...†....).≈#
≈#≈≈..h≈#.###.....≈#
.≈≈≈≈r≈.#>#≈†.†.≈≈##
.#≈≈≈≈r≈#........##
.#.≈≈≈≈r#≈.....###
≈...≈≈..#≈#.r....##
...≈≈≈≈†≈.#≈†h..>.#
≈..≈≈≈≈≈#.#≈rrr...#
##.≈≈≈≈≈###≈r@...##
#.≈≈≈≈≈##..**§...#
#≈≈≈≈≈≈≈.........#
#≈≈≈≈≈..........##
#≈≈≈≈≈.........##
#≈≈≈≈≈.........#
≈≈.##......# ..≈
#≈.....# ≈≈ ##......


You could see 5 sewer rats and a friendly hound.

Vanquished Creatures
  A jelly (D:2)
  3 giant cockroaches
  11 sewer rats (D:2)
  A cinder newt (D:1)
  An adder skeleton (D:2)
  2 ball pythons
  6 bats
  A goblin (D:1)
  3 hobgoblins (D:1)
  3 kobolds (D:1)
  5 rats (D:1)
37 creatures vanquished.

Vanquished Creatures (collateral kills)
  3 sewer rats (D:2)
  A cinder newt (D:1)
  A goblin (D:1)
  A bat skeleton (D:2)
  A rat (D:1)
7 creatures vanquished.

Vanquished Creatures (others)
  188 foxfires
  A slimehead (D:2)
  33 withered plants (D:2)
222 creatures vanquished.

Grand Total: 266 creatures vanquished

Notes
Turn   | Place    | Note
-------+----------+-------------------------------------------
     0 | D:1      | BR41ND34D the Fairy Summoner began the quest for the Orb.
     0 | D:1      | Reached XP level 1. HP: 3/3 MP: 3/3
   106 | D:1      | Reached XP level 2. HP: 3/3 MP: 3/3
   267 | D:1      | Reached XP level 3. HP: 4/4 MP: 3/3
   769 | D:2      | Reached XP level 4. HP: 4/4 MP: 3/3
   820 | D:2      | Reached XP level 5. HP: 4/4 MP: 3/3
   858 | D:2      | Learned a level 3 spell: Call Canine Familiar
   961 | D:2      | Slain by a sewer rat

Levels and vault maps discovered:
D:1:      dpeg_arrival_tiny_a, layout_loops_ring, kennysheep_generic_room_7,
          portal_sewer_entry_b
D:2:      layout_sewer, serial_shops, kennysheep_mini_moat, minmay_tromino_v2

Skill      XL: |  1  2  3  4  5 |
---------------+----------------+-----
Dodging        | 3 4 |  4.0
Spellcasting   | 3 4 |  4.4
Stealth        | 2 |  2.3
Fire Magic     | 2 |  2.0
Summonings     | |  4.7

Action                   |  1- 3 |  4- 6 || total
-------------------------+-------+-------++-------
 Cast: Foxfire           |    38 |    83 ||   121
       Summon Small Mamm |     8 |    12 ||    20
       Call Canine Famil |       |     4 ||     4
Dodge: Dodged            |    29 |   132 ||   161
